 Dungeon Crawl Stone Soup version 0.27.1-2-g3b301248ec (webtiles) character file.

Game seed: 17675316398064283985

221 CuBeRJAN3 the Magician (level 5, 1/29 HPs)
             Began as a Deep Elf Fire Elementalist on Oct 5, 2021.
             Quit the game in a sewer.
             The game lasted 00:10:41 (3383 turns).

CuBeRJAN3 the Magician (Deep Elf Fire Elementalist) Turns: 3383, Time: 00:10:41

Health: 1/29       AC:  3    Str:  5    XL:     5   Next: 65%
Magic:  11/14      EV: 12    Int: 21    God:
Gold:   17         SH:  0    Dex: 15    Spells: 3/14 levels left

rFire    + . .     SeeInvis .   m - staff of fire
rCold    . . .     Faith    .   (no shield)
rNeg     . . .     Spirit   .   a - +0 robe
rPois    .         Reflect  .   (no helmet)
rElec    .         Harm     .   e - +0 cloak
rCorr    .         Rampage  .   (no gloves)
Will     .....                  (no boots)
Stlth    +++.......             (no amulet)
HPRegen  0.09/turn              (no ring)
MPRegen  0.14/turn              (no ring)

@: lethally poisoned (1 -> -10), slowed, very slow
A: no striking features
a: no special abilities


You were in a sewer.
You visited 1 branch of the dungeon, and saw 3 of its levels.
You also visited: Sewer.

You collected 17 gold pieces.

Inventory:

Hand Weapons
 b - a +0 short sword
Armour
 a - a +0 robe (worn)
 e - a +0 cloak (worn)
 l - a +2 leather armour of fire resistance
Magical Staves
 m - a staff of fire (weapon)
Scrolls
 c - a scroll of teleportation
 g - a scroll of amnesia {unknown}
 h - a scroll of enchant armour {unknown}
 i - a scroll of identify {unknown}
 k - a scroll of noise {unknown}
Potions
 d - a potion of degeneration {unknown}
 j - a potion of lignification {unknown}
 n - 2 potions of cancellation {unknown}
 o - a potion of heal wounds {unknown}


   Skills:
 + Level 1.5 Fighting
 - Level 2.4 Dodging
 + Level 3.8 Stealth
 * Level 5.3 Spellcasting
 + Level 2.4 Conjurations
 + Level 0.0 Hexes
 + Level 4.2 Fire Magic


You had 3 spell levels left.
You knew the following spells:

 Your Spells              Type           Power      Damage    Failure   Level
a - Foxfire               Conj/Fire      100%       2x1d9     2%          1
b - Conjure Flame         Conj/Fire      29%        6-21      9%          3
c - Inner Flame           Hex/Fire       21%        N/A       13%         3
d - Sticky Flame          Conj/Fire      29%        2d5       26%         4

Your spell library contained the following spells:

 Spells                   Type           Power      Damage    Failure   Level
 Corpse Rot               Necr/Air       N/A        N/A       16%         2
 Poisonous Vapours        Pois/Air       10%        N/A       16%         2
 Fireball                 Conj/Fire      14%        3d8       58%         5
 Freezing Cloud           Conj/Ice/Air   4%         6-21      91%         5


Dungeon Overview and Level Annotations

Branches:
Dungeon (3/15)              Sewer (1/1)

Altars:


Message History

The kobold brigand throws a curare-tipped dart.
The curare-tipped dart closely misses you.
Casting: Foxfire (safe; 2% risk of failure)
Press: ? - help, Q - select action Dir - look around, f - activate You feel a surge of power!
You conjure some foxfire!
The kobold brigand throws a curare-tipped dart.
The curare-tipped dart hits you.
You are poisoned.
You have difficulty breathing.
You feel yourself slow down.
The kobold throws a poisoned dart.
The poisoned dart closely misses you.
You feel very sick.
The foxfire hits the kobold.
You kill the kobold!
The foxfire hits the kobold.
The kobold is moderately wounded.
* * * LOW HITPOINT WARNING * * *
You feel very sick.
The kobold throws a poisoned dart.
The poisoned dart closely misses you.
It was a potion of curing.
You feel better.
Casting: Foxfire (safe; 2% risk of failure)
Press: ? - help, Q - select action Dir - look around, f - activate You feel a surge of power!
You conjure some foxfire!
The foxfire hits the kobold brigand.
The kobold brigand is lightly wounded.
The foxfire hits the kobold.
You kill the kobold!
The kobold brigand throws a curare-tipped dart.
The curare-tipped dart hits you.
You are poisoned.
You have difficulty breathing.
* * * LOW HITPOINT WARNING * * *
You feel as though you will be slow longer.
Casting: Foxfire (safe; 2% risk of failure)
Press: ? - help, Q - select action Dir - look around, f - activate You feel a surge of power!
You conjure some foxfire!
* * * LOW HITPOINT WARNING * * *
You feel very sick. The kobold brigand closely misses you.
Unknown command.
Are you sure you want to abandon this character and quit the game? (Confirm with "yes".)

#### ####### #### ######..# #
##.....### ##..### ##.......#
####........####.....###........'
......###...†††.v.....††........#
....†..###....†.@##.............#
##..†..##......vK####..)...##≈≈≈#
###.............).##).....##≈≈≈≈≈
≈ ##...≈≈...........)≈≈≈≈≈≈≈≈≈≈≈#
≈≈≈≈≈≈≈≈≈≈....≈≈≈...≈≈≈≈≈≈≈≈≈≈≈≈≈
≈≈≈≈≈≈≈≈≈≈≈≈≈≈≈≈≈≈≈≈≈≈≈≈≈≈≈≈≈≈≈≈#
≈≈≈≈≈≈≈≈≈≈≈≈≈≈≈≈≈≈≈≈≈≈≈≈≈≈≈≈≈≈≈≈≈
≈≈≈≈≈≈≈≈≈≈≈≈....≈.≈≈≈≈≈≈≈≈≈≈≈≈≈≈#
≈≈≈≈≈≈≈≈≈≈≈≈........≈≈≈≈≈≈≈≈≈≈≈≈#


You could see a kobold brigand (ally target).

Vanquished Creatures
  Crazy Yiuf (D:2)
  Jessica (D:2)
  4 adders
  4 river rats
  2 dart slugs (D:1)
  2 bats
  5 endoplasms
  7 giant cockroaches
  8 hobgoblins
  7 jackals (D:1)
  14 kobolds
  2 quokkas (D:2)
  11 ball pythons
  A frilled lizard (Sewer)
  4 goblins
  20 rats
93 creatures vanquished.

Vanquished Creatures (others)
  197 foxfires
197 creatures vanquished.

Grand Total: 290 creatures vanquished

Notes
Turn   | Place    | Note
-------+----------+-------------------------------------------
     0 | D:1      | CuBeRJAN3 the Deep Elf Fire Elementalist began the quest
                  | for the Orb.
     0 | D:1      | Reached XP level 1. HP: 10/10 MP: 6/6
   598 | D:1      | Reached XP level 2. HP: 15/15 MP: 6/8
   625 | D:1      | Found a faded altar of an unknown god.
  1098 | D:1      | Reached XP level 3. HP: 20/20 MP: 5/10
  1659 | D:2      | Reached skill level 4 in Spellcasting
  1711 | D:2      | Noticed Jessica
  1719 | D:2      | Killed Jessica
  1720 | D:2      | Reached skill level 1 in Fighting
  1720 | D:2      | Reached XP level 4. HP: 25/25 MP: 4/12
  2080 | D:2      | Learned a level 3 spell: Conjure Flame
  2084 | D:2      | Learned a level 3 spell: Inner Flame
  2089 | D:2      | Learned a level 4 spell: Sticky Flame
  2261 | D:2      | Found a runed translucent door.
  2262 | D:2      | Noticed Crazy Yiuf
  2397 | D:2      | Killed Crazy Yiuf
  2398 | D:2      | Reached XP level 5. HP: 16/29 MP: 9/14
  2822 | D:3      | Found a glowing drain.
  2961 | D:3      | Reached skill level 5 in Spellcasting
  2970 | Sewer    | Entered a sewer
  3382 | Sewer    | HP: 1/29 [poisoned by a kobold brigand (curare-tipped
                  | dart)]
  3383 | Sewer    | Quit the game

Illustrated notes

Levels and vault maps discovered:
D:1:      dpeg_arrival_boxes_within_box, layout_loops_cross,
          dreamdust_ecumenical_altar_hidden_monk_grotto
D:2:      layout_basic, grunt_ministairs_1, nrook_campfire, st_stairs_12,
          uniq_jessica, uniq_crazy_yiuf_cottage
D:3:      layout_loops_corners, portal_sewer_entry_b, serial_shops,
          nicolae_shop_temple_entry_statues_fountains,
          kennysheep_generic_room_10
Sewer:    sewer_minmay_treatment

Skill      XL: |  1  2  3  4  5 |
---------------+----------------+-----
Stealth        | 3 |  3.8
Spellcasting   | 4 5 |  5.3
Fighting       | 1 |  1.5
Conjurations   | 2 |  2.4
Fire Magic     | 4 |  4.2
Dodging        | |  2.4

Action                   |  1- 3 |  4- 6 || total
-------------------------+-------+-------++-------
Melee: Short sword       |    29 |    10 ||    39
       Staff             |       |     7 ||     7
 Cast: Foxfire           |    43 |    81 ||   124
       Conjure Flame     |       |     1 ||     1
  Use: Scroll            |       |     1 ||     1
       Potion            |       |     1 ||     1
 Stab: Sleeping          |     6 |       ||     6
Armor: Robe              |    13 |     3 ||    16
Dodge: Dodged            |    27 |    41 ||    68
